Map: Одиссея РВ

Players

Murena - Winner!

  • Race: Terran Terran
  • Spawn Location: 5:00

ИИ 1 (эксперт)

  • Race: Protoss Protoss
  • Spawn Location: 11:00

VOD

Have the link to the VOD?

Description

Time

  • Played on: April 16, 2019, 10:34 a.m.
  • Length: 8:16
Show
View Real Time Build Order
Export as new Build Order

Murena Terran - Winner!

Build Orders:  

Get SALT Encoding   

  12  0:01  SCV  
  13  0:13  SCV  
  14  0:18  Supply Depot  
  14  0:26  SCV  
  15  0:40  SCV  
  15  0:41  Barracks  
  16  0:52  Refinery  
  16  0:53  SCV  
  17  1:03  Barracks  
  17  1:06  SCV  
  18  1:15  Supply Depot  
  18  1:18  SCV  
  19  1:27  Marine  
  20  1:33  Orbital Command  
  20  1:45  Marine  
  21  1:50  Marine  
  22  1:55  Factory  
  22  1:59  SCV  
  23  2:04  Barracks Tech Lab  
  23  2:08  Refinery  
  23  2:09  Marine  
  23  2:12  SCV  
  25  2:21  Supply Depot  
  27  2:23  Marauder  
  27  2:24  SCV  
  27  2:28  Marine  
  29  2:37  SCV  
  29  2:42  Factory Tech Lab  
  30  2:45  Marauder  
  30  2:48  Barracks Reactor, Supply Depot  
  32  2:51  SCV  
  32  2:57  Concussive Shells  
  33  3:02  Hellion  
  33  3:04  SCV  
  36  3:07  Marauder  
  38  3:16  SCV  
  39  3:24  Siege Tank, Supply Depot  
  39  3:26  Marine x2  
  44  3:32  Marauder  
  44  3:34  SCV  
  47  3:45  Marine  
  47  3:46  Marine  
  47  3:47  Supply Depot  
  49  3:50  Combat Shield  
  49  3:55  Marauder  
  51  3:56  SCV  
  51  4:00  Hellion  
  54  4:05  Marine  
  55  4:14  Marine  
  55  4:17  Marauder  
  58  4:18  SCV  
  58  4:22  Cyclone  
  58  4:23  Marine  
  63  4:31  Supply Depot  
  63  4:37  Engineering Bay  
  63  4:46  Starport  
  63  4:56  Bunker  
Show
View Real Time Build Order
Export as new Build Order

ИИ 1 (эксперт) Protoss 

Build Orders:  

Get SALT Encoding   

  12  0:00  Probe  
  13  0:13  Probe  
  14  0:19  Pylon  
  14  0:25  Probe  
  15  0:33  Probe  
  15  0:40  Gateway  
  15  0:41  Probe  
  16  0:48  Assimilator  
  17  0:51  Probe  
  18  1:00  Probe  
  18  1:01  Pylon  
  19  1:08  Probe  
  19  1:18  Probe  
  21  1:28  Zealot  
  21  1:30  Cybernetics Core, Probe  
  24  1:42  Probe  
  25  1:55  Zealot, Gateway  
  25  1:57  Probe, Pylon  
  28  2:16  Warp Gate  
  28  2:23  Nexus  
  28  2:29  Probe  
  29  2:34  Assimilator  
  29  2:41  Probe  
  29  2:42  Adept  
  32  2:47  Adept  
  34  2:53  Probe  
  34  2:58  Pylon  
  35  3:03  Probe  
  36  3:11  Probe  
  36  3:12  Adept  
  38  3:18  Sentry  
  38  3:19  Probe  
  42  3:31  Probe  
  43  3:35  Probe  
  43  3:36  Robotics Facility  
  44  3:42  Stalker  
  44  3:43  Probe  
  44  3:47  Probe  
  44  3:48  Adept  
  50  3:55  Probe  
  50  3:59  Probe  
  52  4:08  Probe  
  52  4:09  Pylon  
  53  4:11  Probe  
  54  4:19  Adept  
  54  4:20  Probe  
  54  4:23  Probe  
  58  4:24  Immortal  
  58  4:26  Stalker  
  64  4:32  Probe  
  64  4:34  Pylon  
  64  4:35  Probe  
  66  4:40  Stalker  
  66  4:44  Probe  
  69  4:47  Robotics Facility, Probe  
  69  4:52  Stalker  
  72  4:55  Immortal  
  72  5:00  Probe  
  72  5:02  Probe  
  78  5:08  Pylon  
  78  5:13  Pylon  
  78  5:23  Assimilator  
  78  5:24  Twilight Council  
  78  5:26  Probe  
  78  5:27  Gateway  
  79  5:29  Stalker  
  55  5:46  Zealot  
  53  5:55  Zealot  
  55  6:02  Probe  
  53  6:04  Probe  
  53  6:06  Templar Archives  
  47  6:13  Assimilator  
  47  6:14  Probe x2  
  44  6:22  Probe  
  41  6:26  Probe  
  41  6:30  Probe  
  41  6:38  Probe  
  37  6:45  High Templar  
  26  7:04  Zealot, Probe  
  26  7:06  Nexus  
  26  7:07  Zealot  
  22  7:15  Probe  
  22  7:19  Zealot  
  18  7:24  Zealot  
Tags
 
Add a new tag
Caveats
  • Supply blocks, unpowered buildings, or Contaminate may cause inaccurate times.
  • Supply counts are checked every 10 seconds.